 Dungeon Crawl Stone Soup version 0.27.1-33-g824d729ab1 (webtiles) character file.

Game seed: 4566378753583077344

2144 lordive the Archer (level 9, 0/63 (74) HPs)
             Began as a Minotaur Hunter on Dec 27, 2021.
             Was a Believer of Okawaru.
             Slain by a wight (9 damage)
             ... on level 6 of the Dungeon.
             The game lasted 00:13:41 (6835 turns).

lordive the Archer (Minotaur Hunter)                Turns: 6835, Time: 00:13:41

HP:   0/63 (74)     AC:  4    Str: 19    XL:     9   Next: 9%
MP:   9/11          EV: 14    Int:  8    God:    Okawaru [**....]
Gold: 401           SH:  0    Dex: 12    Spells: 7/8 levels left

rFire    . . .     SeeInvis .   a - +1 shortbow
rCold    . . .     Faith    .   (shield currently unavailable)
rNeg     . . .     Spirit   .   c - +0 leather armour
rPois    .         Reflect  .   (helmet restricted)
rElec    .         Harm     .   (no cloak)
rCorr    .         Rampage  .   (no gloves)
Will     .....                  (no boots)
Stlth    +++.......             (no amulet)
HPRegen  0.20/turn              (no ring)
MPRegen  0.12/turn              (no ring)

@: heroic, heavily drained
A: horns 2, retaliatory headbutt
a: Renounce Religion, Heroism


You were on level 6 of the Dungeon.
You worshipped Okawaru.
Okawaru was pleased with you.
You visited 2 branches of the dungeon, and saw 8 of its levels.

You collected 414 gold pieces.
You spent 13 gold pieces at shops.

Inventory:

Hand Weapons
 a - a +1 shortbow (weapon)
 b - a +0 short sword
 q - a +2 whip of freezing
Missiles
 d - 37 arrows (quivered ammo)
Armour
 c - a +0 leather armour (worn)
Jewellery
 i - a ring of ice
 l - a ring of magical power
 m - an amulet of faith
 v - an amulet of magic regeneration
Wands
 n - a wand of polymorph (8)
 o - a wand of charming (9)
 t - a wand of mindburst (5)
 u - a wand of flame (26)
Scrolls
 f - 2 scrolls of amnesia {unknown}
 g - 5 scrolls of identify
 h - a scroll of noise {unknown}
 r - a scroll of teleportation {unknown}
 w - a scroll of blinking {unknown}
Potions
 e - a potion of cancellation {unknown}
 k - 3 potions of curing
 p - a potion of magic


   Skills:
 + Level 5.5(10.5) Fighting
 + Level 11.2(16.2) Bows
 + Level 3.4(8.4) Armour
 + Level 2.8(7.8) Dodging
 + Level 1.3(6.3) Stealth
 * Level 4.3 Invocations


You had 7 spell levels left.
You knew the following spells:

 Your Spells              Type           Power      Damage    Failure   Level
a - Corona                Hex            0%         N/A       45%         1

Your spell library contained the following spells:

 Spells                   Type           Power      Damage    Failure   Level
 Animate Skeleton         Necr           0%         N/A       45%         1
 Apportation              Tloc           0%         N/A       45%         1
 Summon Small Mammal      Summ           0%         N/A       45%         1
 Corpse Rot               Necr/Air       N/A        N/A       58%         2
 Ensorcelled Hibernation  Hex/Ice        0%         N/A       58%         2
 Passwall                 Tmut/Erth      0%         N/A       58%         2
 Poisonous Vapours        Pois/Air       0%         N/A       58%         2
 Swiftness                Air            0%         N/A       83%         3
 Tukima's Dance           Hex            0%         N/A       83%         3
 Fireball                 Conj/Fire      0%         3d3       100%        5
 Freezing Cloud           Conj/Ice/Air   0%         6-21      100%        5
 Invisibility             Hex            0%         N/A       100%        6
 Starburst                Conj/Fire      0%         6d3       100%        6
 Ignition                 Fire           0%         3d3       100%        8


Dungeon Overview and Level Annotations

Branches:
Dungeon (7/15)             Temple (1/1) D:4

Altars:
Cheibriados
Dithmenos
Elyvilon
Fedhas
Gozag
Hepliaklqana
Kikubaaqudgha
Makhleb
Okawaru
Qazlal
Ru
Trog
Uskayaw
Vehumet
Wu Jian
Xom
Yredelemnul
Zin
The Shining One

Shops:
D:2 =!!=


Innate Abilities, Weirdness & Mutations

You have a pair of horns on your head.
You reflexively headbutt those who attack you in melee.


Message History

Press: ? - help, Q - select action, (/) - cycle Dir - look around, f - activate Look: a wight, wielding a +2 vorpal hand axe, wearing a +0 robe and wearing an amulet of the acrobat (heavily damaged)
You shoot an arrow.
The wight hits you with a +2 vorpal hand axe!
* * * LOW HITPOINT WARNING * * *
x2
Okay, then.
Non-targeted confused fire: 42 arrows
Press: ? - help, Q - select action, (/) - cycle Dir - look around, f - activate Look: a wight, wielding a +2 vorpal hand axe, wearing a +0 robe and wearing an amulet of the acrobat (heavily damaged)
You shoot an arrow.
The wight hits you with a +2 vorpal hand axe.
* * * LOW HITPOINT WARNING * * *
x2 Non-targeted confused fire: 41 arrows
Press: ? - help, Q - select action, (/) - cycle Dir - look around, f - activate Look: a wight, wielding a +2 vorpal hand axe, wearing a +0 robe and wearing an amulet of the acrobat (heavily damaged)
You shoot an arrow.
Unknown command.
Non-targeted confused fire: 40 arrows
Press: ? - help, Q - select action, (/) - cycle Dir - look around, f - activate Look: a wight, wielding a +2 vorpal hand axe, wearing a +0 robe and wearing an amulet of the acrobat (heavily damaged)
You shoot an arrow. The wight closely misses you.
Non-targeted confused fire: 39 arrows
Press: ? - help, Q - select action, (/) - cycle Dir - look around, f - activate Look: a wight, wielding a +2 vorpal hand axe, wearing a +0 robe and wearing an amulet of the acrobat (heavily damaged)
You shoot an arrow. The wight completely misses you.
Non-targeted confused fire: 38 arrows
Press: ? - help, Q - select action, (/) - cycle Dir - look around, f - activate Look: a wight, wielding a +2 vorpal hand axe, wearing a +0 robe and wearing an amulet of the acrobat (heavily damaged)
You shoot an arrow.
You feel less invigorated.
You feel less confused.
The wight hits you with a +2 vorpal hand axe!
* * * LOW HITPOINT WARNING * * *
You feel drained.
* * * LOW HITPOINT WARNING * * *
x2 You gain the combat prowess of a mighty hero.
The wight hits you with a +2 vorpal hand axe!
You die...

#...###########.....
##.## #.........#.
#.# #.......#... #<#
#.........#. #.#
#...........
#.######.......#.#.
#.....##...........
########...........
##@## #########.##
#8z.(8# ###.###
#(...(##### #....##
#8.....8#..#
##.###.#
##(...(###.#
#....... #8...8# #.#
#..#....
#.....###.###.>#.#..
_..(.._#.........#..
##.###.......


You could see a wight.

Vanquished Creatures
  Grinder (D:6)
  Sigmund (D:5)
  Menkaure (D:6)
  Duvessa (D:6)
  A water moccasin (D:6)
  2 ogres
  3 necrophages
  A centaur (D:7)
  Blork the orc (D:5)
  2 bullfrogs
  2 water moccasin skeletons
  Dowan (D:6)
  A wight (D:7)
  A howler monkey (D:5)
  2 bullfrog zombies
  2 jellies
  4 iguanas
  2 centaur skeletons
  Natasha (thrice) (D:3)
  2 orc wizards (D:5)
  A hound skeleton (D:4)
  A howler monkey zombie (D:7)
  A howler monkey skeleton (D:5)
  2 adders
  A shadow imp (D:4)
  An ufetubus (D:5)
  2 worms
  9 orcs
  5 ball pythons
  3 bats
  4 endoplasms
  3 giant cockroaches
  3 goblins
  8 hobgoblins
  2 quokkas
  7 frilled lizards
  8 kobolds
  4 rats
99 creatures vanquished.

Vanquished Creatures (others)
  An orc (D:5)
  A frilled lizard (D:5)
  18 plants
20 creatures vanquished.

Grand Total: 119 creatures vanquished

Notes
Turn   | Place    | Note
-------+----------+-------------------------------------------
     0 | D:1      | lordive the Minotaur Hunter began the quest for the Orb.
     0 | D:1      | Reached XP level 1. HP: 18/18 MP: 0/0
   394 | D:1      | Reached XP level 2. HP: 25/25 MP: 1/1
   406 | D:1      | Reached skill level 5 in Bows
  1278 | D:2      | Found Foerch's Jewellery Shop.
  1335 | D:2      | Found a faded altar of an unknown god.
  1346 | D:2      | Reached XP level 3. HP: 30/30 MP: 2/2
  1405 | D:2      | Reached skill level 1 in Armour
  1447 | D:2      | Found Fehaux's Distillery.
  1476 | D:2      | Found Jihan's Jewellery Shop.
  1491 | D:2      | Found Igaw's Distillery.
  1501 | D:2      | Reached XP level 4. HP: 37/37 MP: 3/3
  1510 | D:2      | Bought a potion of degeneration for 13 gold pieces
  1584 | D:2      | Found a bloodstained altar of Trog.
  1746 | D:3      | Found a white marble altar of Elyvilon.
  1788 | D:3      | Noticed Natasha
  1792 | D:3      | Killed Natasha
  1793 | D:3      | Reached skill level 6 in Bows
  1856 | D:3      | Reached XP level 5. HP: 21/45 MP: 4/4
  2061 | D:3      | Reached skill level 1 in Stealth
  2121 | D:3      | Noticed a necrophage
  2126 | D:3      | Killed a necrophage
  2127 | D:3      | Reached skill level 7 in Bows
  2273 | D:3      | Noticed Natasha
  2278 | D:3      | Killed Natasha
  2279 | D:3      | Reached XP level 6. HP: 48/51 MP: 5/5
  2291 | D:3      | Noticed Natasha
  2295 | D:3      | Killed Natasha
  2512 | D:4      | Noticed Pikel
  2621 | D:3      | Noticed Pikel
  2621 | D:3      | Pikel changed into Pikel the ogre
  2692 | D:3      | Killed Pikel the ogre
  2912 | D:4      | Found a staircase to the Ecumenical Temple.
  2930 | Temple   | Entered the Ecumenical Temple
  2958 | Temple   | Became a worshipper of Warmaster Okawaru
  3437 | D:4      | Found a basalt altar of Yredelemnul.
  3612 | D:4      | Reached skill level 8 in Bows
  3879 | D:5      | Entered Level 5 of the Dungeon
  3911 | D:5      | Noticed Sigmund
  3916 | D:5      | Killed Sigmund
  3917 | D:5      | Reached skill level 1 in Invocations
  3917 | D:5      | Reached XP level 7. HP: 52/58 MP: 6/6
  4339 | D:5      | Reached * piety under Okawaru
  4340 | D:5      | Reached skill level 9 in Bows
  4381 | D:5      | Found a stormy altar of Qazlal.
  4522 | D:5      | Noticed Blork the orc
  4531 | D:5      | Killed Blork the orc
  4532 | D:5      | Reached XP level 8. HP: 64/67 MP: 8/8
  5074 | D:6      | Noticed Menkaure
  5081 | D:6      | Killed Menkaure
  5190 | D:6      | Reached skill level 10 in Bows
  5192 | D:6      | Reached ** piety under Okawaru
  5279 | D:6      | Reached skill level 5 in Fighting
  5376 | D:6      | Noticed Grinder
  5387 | D:6      | Killed Grinder
  5674 | D:6      | Found a glowing silver altar of Zin.
  5674 | D:6      | Found a radiant altar of Vehumet.
  5866 | D:6      | Noticed Dowan
  5868 | D:6      | Killed Dowan
  5868 | D:6      | Noticed Duvessa
  5886 | D:6      | HP: 4/102 [Duvessa (4)]
  5887 | D:6      | Killed Duvessa
  5888 | D:6      | Reached skill level 11 in Bows
  6325 | D:6      | Learned a level 1 spell: Corona
  6569 | D:7      | Reached XP level 9. HP: 71/74 MP: 11/11
  6803 | D:6      | Found an ornate altar of the Wu Jian Council.
  6803 | D:6      | Found a shadowy altar of Dithmenos.
  6805 | D:6      | HP: 3/66 [wight (1)]
  6835 | D:6      | Slain by a wight

Illustrated notes

Levels and vault maps discovered:
D:1:      psy_arrival_heroes, layout_loops_corners, lexackson_kobold_supper
D:2:      layout_rooms, serial_shops, shop, shop, nicolae_shop_trees,
          nicolae_shop_trees, basic_altar, serial_aquarium,
          aquarium_bridge_long_joined [aquarium_subvault_bridge,
          aquarium_subvault_bridge, aquarium_subvault_bridge,
          aquarium_subvault_wall, aquarium_subvault_balcony,
          aquarium_subvault_wall], aquarium_window_fake,
          aquarium_window_corridor_2, aquarium_view_2b, aquarium_view_2d,
          aquarium_balcony_3a, aquarium_pool_corner,
          shapermc_ecumenical_altar_gd
D:3:      layout_basic, elyvilon_altar_5, kennysheep_another_room,
          minmay_close_crescents, uniq_natasha
D:4:      layout_loops_ring, amcnicky_altar_gilded, minmay_temple_entry_hall,
          uniq_pikel
D:5:      layout_loops_ring, grunt_qazlal_clouds, minmay_lizard_king,
          uniq_sigmund, uniq_blork_the_orc
D:6:      layout_loops_cross, gammafunk_temple_overflow_elements,
          nicolae_overflow_hidden_temple, amcnicky_mini_pool_small,
          hangedman_decor_lopped, uniq_menkaure, uniq_grinder, uniq_duvessa
D:7:      layout_basic, nicolae_sif_muna_condensation,
          nemelex_spade_bored_becter
Temple:   hc_temple_tempest_star

Skill      XL: |  1  2  3  4  5  6  7  8 |
---------------+-------------------------+-----
Bows           | 5 6 7 8 9 11 | 11.2
Armour         | 1 2 3 |  3.4
Fighting       | 3 4 5 |  5.5
Stealth        | 1 |  1.3
Invocations    | 1 2 4 |  4.3
Dodging        | |  2.8

Action                   |  1- 3 |  4- 6 |  7- 9 || total
-------------------------+-------+-------+-------++-------
Melee: Short sword       |    12 |       |       ||    12
       Headbutt          |     1 |       |       ||     1
       Whip              |       |       |     8 ||     8
 Fire: Shortbow          |    56 |   123 |   246 ||   425
Invok: Heroism           |       |       |     2 ||     2
Evoke: Wand              |       |     1 |       ||     1
  Use: Scroll            |       |       |     5 ||     5
       Potion            |       |       |     4 ||     4
Armor: Leather armour    |     6 |     3 |     4 ||    13
       Skin              |       |       |     5 ||     5
Dodge: Dodged            |    13 |    30 |    41 ||    84
